 Dungeon Crawl Stone Soup version 0.24-a0-445-gd5110b030a (console) character file.

Game seed: 7833048899716155917

952 Lexodia the Spear-Bearer (level 7, -1/52 HPs)
             Began as a Demonspawn Berserker on June 21, 2019.
             Was an Elder of Trog.
             Slain by a sky beast (6 damage)
             ... on level 5 of the Dungeon.
             The game lasted 00:09:19 (4476 turns).

Lexodia the Spear-Bearer (Demonspawn Berserker)     Turns: 4476, Time: 00:09:21

Health: -1/52      AC: 11    Str: 19    XL:     7   Next: 90%
Magic:  7/7        EV:  6    Int:  8    God:    Trog [****..]
Gold:   365        SH:  0    Dex: 13    Spells: 6/6 levels left

rFire    . . .     SeeInvis +   y - +1 spear (pierce)
rCold    . . .     Gourm    .   (no shield)
rNeg     + . .     Faith    .   l - +0 plate armour
rPois    .         Spirit   .   (helmet unavailable)
rElec    .         Reflect  .   (no cloak)
rCorr    +         Harm     .   E - +0 pair of gloves
MR       .....                  (no boots)
Stlth    ..........             (no amulet)
HPRegen  0.17/turn              A - ring of positive energy
MPRegen  0.10/turn              z - ring of resist corrosion

@: lethally poisoned (-1 -> -3)
A: antennae 3, hooves 1
a: Berserk, Trog's Hand, Brothers in Arms, Renounce Religion


You were on level 5 of the Dungeon.
You worshipped Trog.
Trog was greatly pleased with you.
You were not hungry.

You visited 1 branch of the dungeon, and saw 6 of its levels.

You collected 365 gold pieces.

Inventory:

Hand Weapons
 y - a +1 spear of piercing (weapon)
Missiles
 b - 8 javelins (quivered)
 n - 75 bolts
 s - 14 boomerangs
 v - a throwing net
Armour
 l - a +0 plate armour (worn)
 E - a +0 pair of gloves (worn)
Jewellery
 q - an uncursed ring of flight
 z - a ring of resist corrosion (right hand)
 A - a ring of positive energy (left hand)
Wands
 r - a wand of paralysis (7)
 x - a wand of flame (10)
Scrolls
 f - 4 scrolls of blinking {unknown}
 g - a scroll of noise {unknown}
 j - 2 scrolls of amnesia {unknown}
 m - 3 scrolls of remove curse {unknown}
 o - a scroll of enchant weapon {unknown}
 p - 2 scrolls of fog {unknown}
 t - a scroll of teleportation {unknown}
 u - a scroll of fear {unknown}
 w - a scroll of magic mapping {unknown}
Potions
 d - 3 potions of curing
 h - a potion of heal wounds
 i - a potion of agility {unknown}
 k - a potion of mutation {unknown}
 B - a potion of might {unknown}
 C - a potion of flight
 D - a potion of magic
Comestibles
 c - 9 rations


   Skills:
 - Level 3.0 Fighting
 + Level 8.8 Polearms
 - Level 1.7 Armour
 - Level 1.7 Dodging


You had 6 spell levels left.
You didn't know any spells.
Your spell library was empty.

Dungeon Overview and Level Annotations

Branches:
Dungeon (6/15)             Temple (0/1) D:6

Altars:
Cheibriados
Dithmenos
Fedhas
Hepliaklqana
Makhleb
Qazlal
Ru
Uskayaw
Vehumet
Yredelemnul

Shops:
D:6 [


Innate Abilities, Weirdness & Mutations

You have a pair of large antennae on your head. (SInv)
You have large cloven feet.


Message History

Unknown command.
You hit the sky beast.
The sky beast is severely wounded.
You closely miss the sky beast. Your kick misses the sky beast.
The sky beast is severely wounded.
The sky beast flickers out of sight for a moment.
The sky beast hits you but does no damage.
You closely miss the sky beast. You kick the sky beast.
The sky beast is almost dead.
You feel sick. The sky beast barely misses you.
Damage: -2%(-1hp) hp: 18%(9hp)
You hit the sky beast but do no damage.
The sky beast is almost dead.
Your plate armour prevents you from hitting the sky beast.
Your kick misses the sky beast.
The sky beast is almost dead.
The sky beast hits you.
* * * LOW HITPOINT WARNING * * *
The sky beast shocks you.
You die...

#.# #.############# .#
#.............# .# #
#..##########.# .# .#
#..# #.# #.##<.# #..#
#.# .......
#..##########.###.......
#.............†.....#
#..#####........@..##
.....# #.##.#.###Y##
#..#.# # #.#.# .# #..#.#
#.#.# .# #..# # # #.# .#
##### { ..# .# ....# ##
.# .#..# .# ..._#


You could see a sky beast.

Vanquished Creatures
  A hornet zombie (D:5)
  A sky beast (D:5)
  3 ogres
  A scorpion (D:5)
  2 howler monkeys (D:6)
  A crimson imp (D:5)
  A hound (D:6)
  2 jellies (D:6)
  An orc priest (D:3)
  Ijyb (D:2)
  Terence (D:3)
  A worker ant (D:5)
  5 adders
  3 worms
  7 dart slugs
  2 leopard geckos
  3 orcs (D:3)
  13 bats
  9 giant cockroaches
  8 hobgoblins
  8 jackals
  4 quokkas
  8 frilled lizards
  18 goblins
  9 kobolds
  A leopard gecko skeleton (D:4)
  6 rats
120 creatures vanquished.

Notes
Turn   | Place    | Note
-------+----------+-------------------------------------------
     0 | D:1      | Lexodia the Demonspawn Berserker began the quest for the
                  | Orb.
     0 | D:1      | Reached XP level 1. HP: 18/18 MP: 1/1
   114 | D:1      | Reached skill level 3 in Polearms
   185 | D:1      | Gained mutation: You have a pair of small antennae on your
                  | head. [demonic ancestry]
   185 | D:1      | Reached XP level 2. HP: 17/24 MP: 2/2
   268 | D:1      | Huge Dmg: 5 dmg
   401 | D:1      | Reached ** piety under Trog
   433 | D:1      | Huge Dmg: 4 dmg
   435 | D:1      | Huge Dmg: 3 dmg
   437 | D:1      | Huge Dmg: 3 dmg
   440 | D:1      | Gained mutation: You have large cloven feet. [demonic
                  | ancestry]
   440 | D:1      | Reached XP level 3. HP: 7/29 MP: 3/3
   776 | D:1      | Reached skill level 4 in Polearms
  1097 | D:2      | Found a hide-covered altar of Uskayaw.
  1255 | D:2      | Gained mutation: You have a pair of antennae on your head.
                  | [demonic ancestry]
  1255 | D:2      | Reached XP level 4. HP: 35/35 MP: 4/4
  1266 | D:2      | Huge Dmg: 14 dmg
  1310 | D:2      | Huge Dmg: 5 dmg
  1583 | D:2      | Reached skill level 5 in Polearms
  1652 | D:2      | Found a basalt altar of Yredelemnul.
  1652 | D:2      | Found a burning altar of Makhleb.
  1652 | D:2      | Found a snail-covered altar of Cheibriados.
  1675 | D:2      | Huge Dmg: 16 dmg
  1755 | D:2      | Noticed Ijyb
  1761 | D:2      | Reached *** piety under Trog
  1783 | D:2      | Paralysed by Ijyb for 4 turns
  1788 | D:2      | Huge Dmg: 5 dmg
  1799 | D:2      | Killed Ijyb
  1799 | D:2      | Reached XP level 5. HP: 28/41 MP: 5/5
  1804 | D:2      | Huge Dmg: 10 dmg
  1896 | D:2      | Found a hazy altar of Hepliaklqana.
  2159 | D:3      | Huge Dmg: 11 dmg
  2164 | D:3      | Huge Dmg: 12 dmg
  2487 | D:3      | Noticed Terence
  2507 | D:3      | Killed Terence
  2582 | D:3      | Huge Dmg: 24 dmg
  2836 | D:3      | Huge Dmg: 8 dmg
  2836 | D:3      | Reached skill level 6 in Polearms
  3201 | D:4      | Noticed an ogre
  3206 | D:4      | Killed an ogre
  3206 | D:4      | Reached XP level 6. HP: 47/47 MP: 6/6
  3215 | D:4      | Huge Dmg: 20 dmg
  3226 | D:4      | You fall into a shaft and drop 2 floors!
  3238 | D:6      | Found a sacrificial altar of Ru.
  3271 | D:6      | Huge Dmg: 11 dmg
  3273 | D:6      | Huge Dmg: 13 dmg
  3274 | D:6      | Huge Dmg: 9 dmg
  3498 | D:6      | Found Atsukh's Armour Shop.
  3568 | D:6      | Reached skill level 7 in Polearms
  3590 | D:6      | Found a blossoming altar of Fedhas.
  3590 | D:6      | Found a stormy altar of Qazlal.
  3606 | D:6      | Found a staircase to the Ecumenical Temple.
  3631 | D:6      | Found a burning altar of Makhleb.
  3637 | D:6      | Gained mutation: You have a pair of large antennae on your
                  | head. (SInv) [demonic ancestry]
  3637 | D:6      | Reached XP level 7. HP: 52/52 MP: 7/7
  3655 | D:6      | Huge Dmg: 15 dmg
  3820 | D:5      | Entered Level 5 of the Dungeon
  3883 | D:5      | Huge Dmg: 7 dmg
  3884 | D:5      | Huge Dmg: 7 dmg
  3885 | D:5      | Reached skill level 8 in Polearms
  4119 | D:5      | Reached **** piety under Trog
  4147 | D:5      | Found a shadowy altar of Dithmenos.
  4183 | D:5      | Found a radiant altar of Vehumet.
  4458 | D:5      | Huge Dmg: 7 dmg
  4472 | D:5      | Huge Dmg: 7 dmg
  4476 | D:5      | Slain by a sky beast

Levels and vault maps discovered:
D:1:      wheals_arrival_linesprint, layout_basic
D:2:      kennysheep_the_goblin_king, layout_basic, grunt_temple_overflow_open,
          nicolae_overflow_crystal_walls, overflow_temple_1_default,
          minmay_joined_circles
D:3:      layout_loops_ring, first_ration, uniq_terence
D:4:      layout_basic, kennysheep_cluttered_room
D:5:      layout_loops_ring, lemuel_doored_altar, lemuel_round_altar,
          lemuel_coloured_pillars_altar, uniq_grinder
D:6:      layout_rooms, grunt_temple_overflow_forces_of_nature,
          nicolae_ru_awakened_eye, minmay_temple_entry_stoned_glass,
          serial_shops, nicolae_shop_temple_entry_statues_fountains,
          minivault_23, lemuel_tele_altar

Skill      XL: |  1  2  3  4  5  6  7 |
---------------+----------------------+-----
Polearms       | 3 4 5 6 7 8 |  8.8
Fighting       | |  3.0
Armour         | |  1.7
Dodging        | |  1.7

Action                   |  1- 3 |  4- 6 |  7- 9 || total
-------------------------+-------+-------+-------++-------
Melee: Spear             |   162 |   279 |    86 ||   527
       Kick              |    15 |    80 |    25 ||   120
Throw: Javelin           |       |     6 |       ||     6
Invok: Berserk           |     1 |     4 |       ||     5
  Use: Scroll            |       |       |     5 ||     5
 Stab: Sleeping          |     1 |       |       ||     1
  Eat: Chunk             |     1 |    12 |       ||    13
       Ration            |       |       |     1 ||     1
Armor: Animal skin       |    16 |       |       ||    16
       Plate armour      |    17 |   146 |    19 ||   182
Dodge: Dodged            |    74 |    74 |    11 ||   159

Table legend:
 A = Non-vault XP
 B = Vault XP
 C = Vault XP percentage of total XP
 D = Non-vault monster count
 E = Vault monster count
 F = Vault count percentage of total count
                 A         B        C        D         E       F
            +---------+---------+-------+---------+---------+-------
      Total |    1207 |     153 |  11.2 |      98 |      22 |  18.3
            +---------+---------+-------+---------+---------+-------
        D:1 |      55 |       0 |   0.0 |      31 |       0 |   0.0
        D:2 |      54 |     117 |  68.4 |      26 |      21 |  44.7
        D:3 |      90 |      36 |  28.6 |      23 |       1 |   4.2
        D:4 |     134 |       0 |   0.0 |       5 |       0 |   0.0
        D:5 |     410 |       0 |   0.0 |       5 |       0 |   0.0
        D:6 |     464 |       0 |   0.0 |       8 |       0 |   0.0
            +---------+---------+-------+---------+---------+-------
